 Dungeon Crawl Stone Soup version 0.21.1-1-g345015f (webtiles) character file.

197 shakethe the Insei (level 5, -7/33 HPs)
             Began as an Octopode Transmuter on Feb 7, 2018.
             Mangled by a wight
             ... wielding a +2 spear of freezing
              (9 damage)
             ... on level 6 of the Dungeon.
             The game lasted 00:08:59 (3218 turns).

shakethe the Insei (Octopode Transmuter)            Turns: 3218, Time: 00:08:59

Health: -7/33      AC:  1    Str: 10    XL:     5   Next: 75%
Magic:  8/9        EV: 13    Int: 15    God:
Gold:   170        SH:  0    Dex: 13    Spells: 6/10 levels left

rFire    . . .     SeeInvis .     - Unarmed
rCold    . . .     Gourm    .   (no shield)
rNeg     + . .     Faith    +   (helmet restricted)
rPois    .         Spirit   .   m - amulet of faith
rElec    .         Reflect  .   (no ring)
rCorr    .         Harm     .   g - ring of positive energy
MR       .....                  (no ring)
Stlth    +++.......             (no ring)
HPRegen  0.11/turn              (no ring)
MPRegen  0.11/turn              (no ring)
                                (no ring)
                                (no ring)

@: very slightly contaminated, drained
A: almost no armour, stealthy swim, amphibious, 8 rings, constrict 8, camouflage
1, gelatinous body 1
a: no special abilities


You were on level 6 of the Dungeon.
You were very hungry.

You visited 1 branch of the dungeon, and saw 6 of its levels.

You collected 170 gold pieces.

Inventory:

Missiles
 a - 31 arrows
Jewellery
 g - a ring of positive energy (right tentacle)
 m - an amulet of faith (around mantle)
Wands
 o - a wand of disintegration (7)
Scrolls
 j - a scroll of fog
 k - 2 scrolls of identify
 n - 2 scrolls of teleportation
 q - a scroll of enchant weapon {unknown}
 r - a scroll of remove curse
Potions
 d - a potion of curing
 e - a potion of heal wounds {unknown}
 f - a potion of agility
 h - a potion of flight {unknown}
 i - 2 potions of cancellation {unknown}
 l - 2 potions of degeneration {unknown}
 p - a potion of might {unknown}
Books
 b - a book of Changes

   Spells                             Type                      Level
   a - Beastly Appendage              Transmutation                1
   b - Sticks to Snakes               Transmutation                2
   c - Spider Form                    Transmutation/Poison         3
   d - Ice Form                       Ice/Transmutation            4
   e - Blade Hands                    Transmutation                5
Comestibles
 c - 15 rations


   Skills:
 - Level 1.0(0.8) Fighting
 - Level 2.0(1.8) Dodging
 + Level 1.9(1.7) Stealth
 * Level 4.6(4.4) Unarmed Combat
 + Level 3.0(2.8) Spellcasting
 + Level 3.1(2.9) Transmutations
 + Level 1.0(0.9) Poison Magic


You had 6 spell levels left.
You knew the following spells:

 Your Spells              Type           Power        Failure   Level  Hunger
a - Beastly Appendage     Tmut           ##....       6%          1    #......
b - Spider Form           Tmut/Pois      #.........   28%         3    ###....


Dungeon Overview and Level Annotations

Branches:
Dungeon (7/15)
 Temple: D:4-7

Altars:
Ru
Vehumet


Innate Abilities, Weirdness & Mutations

You cannot wear most types of armour.
You are very stealthy in the water. (Stealth+)
You are amphibious.
You can wear up to eight rings at the same time.
You can use your tentacles to constrict eight enemies at once.
Your skin changes colour to match your surroundings (Stealth+).
Your rubbery body absorbs attacks. (AC +1, EV +1)


Message History

You constrict the wight. The wight barely misses you.
You tentacle-slap the wight.
The wight is heavily damaged.
You constrict the wight, but do no damage.
The wight hits you with a spear of freezing.
* * * LOW HITPOINT WARNING * * *
You partially resist.
You feel drained. The wight freezes you.
* * * LOW HITPOINT WARNING * * *
You completely miss the wight.
The wight is heavily damaged.
You constrict the wight, but do no damage.
You tentacle-slap the wight.
The wight is severely damaged.
You constrict the wight, but do no damage.
The wight closely misses you.
You tentacle-slap the wight but do no damage.
The wight is severely damaged.
You constrict the wight, but do no damage.
The wight hits you with a spear of freezing!
You die...

### #### #.#### ####..##
#((((## #####......#
###...#####..........#
##.................#
###@....##........##
#z..###..........#
#...##...........#
#...##.........#..
#...#############. #####
#...# ## ##...####>..# #
#......##.).# ##########
##.......#...#####.......#


You could see a wight.

Vanquished Creatures
  A wight (D:6)
  A crimson imp (D:6)
  An iguana (D:3)
  4 adders
  2 worms
  2 dart slugs
  2 leopard geckos
  5 bats
  2 giant cockroaches
  3 goblins
  8 hobgoblins
  3 quokkas
  A jackal skeleton (D:3)
  10 kobolds
  A quokka skeleton (D:6)
  3 rats
49 creatures vanquished.

Notes
Turn   | Place    | Note
-------+----------+-------------------------------------------
     0 | D:1      | shakethe the Octopode Transmuter began the quest for the Orb.
     0 | D:1      | Reached XP level 1. HP: 13/13 MP: 3/3
   103 | D:1      | Reached XP level 2. HP: 18/18 MP: 5/5
   982 | D:2      | Reached XP level 3. HP: 18/23 MP: 4/6
  1856 | D:3      | Reached skill level 4 in Unarmed Combat
  1856 | D:3      | Reached XP level 4. HP: 28/28 MP: 5/7
  2558 | D:3      | Reached skill level 1 in Stealth
  2587 | D:3      | Learned a level 3 spell: Spider Form
  2622 | D:4      | You fall through a shaft for 3 floors!
  2664 | D:7      | Found a radiant altar of Vehumet.
  2665 | D:7      | Noticed a sky beast
  2722 | D:7      | Found a sacrificial altar of Ru.
  2856 | D:6      | Noticed an ogre
  2901 | D:6      | Reached XP level 5. HP: 21/33 MP: 9/9
  3020 | D:6      | Reached skill level 1 in Poison Magic
  3218 | D:6      | Mangled by a wight

Skill      XL: |  1  2  3  4  5 |
---------------+----------------+-----
Unarmed Combat | 4 |  4.6
Stealth        | 1 |  1.9
Transmutations | 3 |  3.1
Spellcasting   | 3 |  3.0
Poison Magic   | 1 |  1.0
Fighting       | |  1.0
Dodging        | |  2.0

Action                   |  1- 3 |  4- 6 || total
-------------------------+-------+-------++-------
Melee: Unarmed           |    66 |    63 ||   129
       Constrict         |    21 |    17 ||    38
       Tentacles         |    10 |    11 ||    21
       Kick              |    12 |    11 ||    23
       Punch             |       |     4 ||     4
 Cast: Beastly Appendage |    11 |     9 ||    20
  Use: Scroll            |     5 |     4 ||     9
       Potion            |       |     1 ||     1
 Stab: Sleeping          |     2 |     3 ||     5
  Eat: Chunk             |     2 |     4 ||     6
Armor: Skin              |     1 |     4 ||     5
Dodge: Dodged            |    33 |    46 ||    79
